Map: Washout LE

Players

Fjant - Winner!

  • Race: Zerg Zerg
  • League: Grandmaster
  • Spawn Location: 1:00

BabyMarine

  • Race: Terran Terran
  • Spawn Location: 7:00

Event: HomeStory Cup XXIX

VOD

Have the link to the VOD?

Description

Time

  • Played on: July 4, 2026, 11:58 a.m.
  • Length: 18:41

All games in this series

Show
View Real Time Build Order
Export as new Build Order

Fjant Zerg - Winner!

Build Orders: Pool First, Lurkers 

Get SALT Encoding   

  8  0:00  Drone  
  9  0:10  Drone  
  10  0:16  Drone  
  11  0:22  Drone  
  12  0:33  Overlord  
  12  0:38  Extractor, Drone  
  13  0:51  Drone x2  
  15  1:00  Drone  
  16  1:07  Spawning Pool  
  16  1:10  Drone  
  16  1:21  Drone  
  17  1:35  Hatchery  
  17  1:38  Drone  
  17  1:41  Extractor  
  17  1:42  Drone  
  17  1:56  Zergling x2  
  17  1:57  Queen  
  20  2:03  Overlord  
  20  2:12  Extractor, Drone  
  21  2:23  Drone  
  22  2:30  Drone  
  22  2:34  Queen  
  25  2:47  Queen  
  25  2:49  Drone x2  
  29  2:53  Drone  
  30  3:01  Drone  
  30  3:03  Overlord  
  31  3:06  Metabolic Boost  
  31  3:09  Drone  
  32  3:24  Hatchery  
  32  3:25  Drone  
  32  3:27  Drone  
  32  3:30  Drone  
  32  3:31  Drone  
  32  3:33  Drone  
  36  3:40  Drone x2  
  38  3:47  Drone x2, Overlord  
  40  3:49  Overlord  
  39  3:57  Drone  
  40  4:06  Drone x2  
  40  4:07  Drone x4  
  40  4:08  Queen  
  48  4:17  Zergling x2  
  48  4:19  Zergling x8  
  52  4:24  Queen  
  52  4:28  Zergling x2  
  52  4:31  Drone  
  56  4:32  Overlord  
  56  4:37  Drone x2  
  56  4:38  Drone  
  59  4:39  Overlord  
  59  4:48  Lair  
  59  4:50  Queen  
  60  4:53  Zergling x4  
  60  4:55  Spore Crawler  
  60  4:56  Spore Crawler  
  60  4:57  Spore Crawler  
  60  4:58  Drone  
  61  5:00  Drone  
  61  5:01  Drone  
  61  5:04  Drone x2  
  64  5:08  Drone x3  
  64  5:14  Drone, Zergling x2  
  67  5:18  Overlord  
  68  5:21  Baneling Nest  
  68  5:22  Zergling x2  
  68  5:30  Zergling x2  
  68  5:35  Overlord  
  68  5:37  Zergling x6  
  68  5:39  Drone  
  68  5:40  Drone x4, Hatchery  
  68  5:42  Drone  
  76  5:47  Overseer  
  76  5:49  Overlord x3  
  76  5:55  Extractor  
  76  5:56  Extractor  
  75  5:57  Drone x6  
  75  5:59  Overlord  
  80  6:06  Centrifugal Hooks  
  80  6:07  Drone x3  
  80  6:09  Drone  
  84  6:13  Drone  
  83  6:21  Drone x5  
  78  6:33  Zergling x6  
  78  6:34  Drone x2  
  78  6:39  Drone  
  79  6:42  Evolution Chamber  
  79  6:43  Drone x4  
  79  6:44  Evolution Chamber, Queen  
  83  6:49  Drone  
  83  6:52  Drone x5  
  89  6:54  Overlord  
  89  6:57  Hatchery  
  89  6:58  Zergling x10  
  90  7:08  Zergling x6  
  93  7:14  Zergling x2  
  93  7:15  Zergling x4  
  96  7:16  Zerg Melee Weapons Level 1, Zerg Ground Armor Level 1  
  96  7:18  Zergling x2  
  96  7:20  Spore Crawler  
  96  7:23  Zergling x14  
  96  7:27  Overlord x4  
  103  7:32  Drone x2  
  103  7:36  Zergling x4  
  108  7:37  Drone  
  108  7:40  Baneling x6  
  108  7:41  Baneling  
  108  7:42  Zergling x4  
  109  7:44  Zergling x2  
  109  7:46  Zergling x2  
  110  7:51  Extractor  
  110  7:53  Drone x3  
  110  7:55  Zergling x14  
  110  7:57  Drone x3  
  122  8:00  Hydralisk Den  
  122  8:01  Drone x2  
  122  8:04  Zergling x4  
  125  8:08  Zergling x4  
  125  8:10  Drone x2  
  127  8:17  Zergling x6  
  127  8:19  Zergling x2  
  123  8:21  Zergling x14  
  123  8:23  Zergling x2  
  129  8:27  Zergling x8  
  129  8:30  Baneling x5  
  129  8:32  Zergling x10  
  138  8:34  Muscular Augments  
  138  8:38  Zergling x8  
  140  8:44  Zergling x2  
  119  8:57  Zergling x28  
  119  8:58  Zergling x2  
  119  8:59  Hydralisk x4  
  119  9:01  Baneling x6  
  127  9:04  Baneling x6  
  127  9:05  Hydralisk  
  127  9:07  Baneling x4  
  129  9:12  Zergling x8  
  129  9:15  Queen  
  122  9:20  Zergling x8  
  122  9:21  Zergling x6  
  121  9:26  Hydralisk x6  
  121  9:29  Zergling x10  
  129  9:33  Zergling x8  
  129  9:38  Queen, Grooved Spines  
  135  9:40  Zergling x4  
  135  9:41  Hydralisk x3  
  135  9:42  Hatchery  
  138  9:48  Zergling x12  
  131  9:53  Zergling x14  
  131  9:54  Baneling  
  131  9:55  Baneling  
  131  9:56  Baneling x3  
  131  9:57  Baneling, Zergling x8  
  140  10:03  Extractor  
  140  10:04  Extractor  
  138  10:07  Zergling x10  
  138  10:09  Zergling x2  
  138  10:12  Drone, Extractor  
  144  10:14  Drone x2  
  144  10:15  Zergling x2  
  144  10:16  Zergling x6  
  144  10:17  Zerg Ground Armor Level 2  
  149  10:26  Zergling x16  
  149  10:27  Baneling  
  149  10:28  Baneling x3  
  139  10:29  Zergling x6  
  139  10:32  Baneling x3  
  142  10:40  Zergling x10  
  144  10:46  Zergling x16  
  152  10:53  Hydralisk x5  
  152  10:56  Zergling x6  
  159  10:57  Drone  
  159  11:00  Infestation Pit  
  148  11:04  Zergling x6  
  148  11:06  Baneling x5, Drone x2  
  148  11:07  Drone  
  148  11:08  Drone x2  
  148  11:09  Baneling x2  
  156  11:15  Zergling x8  
  156  11:17  Drone x5, Overlord  
  165  11:24  Zerg Melee Weapons Level 2  
  161  11:30  Zergling x16  
  155  11:33  Zergling x2  
  155  11:35  Zergling x2  
  155  11:36  Zergling x4, Baneling x11  
  155  11:37  Baneling x2  
  155  11:39  Zergling x4  
  156  11:41  Queen  
  156  11:42  Extractor  
  156  11:45  Hive  
  156  11:46  Drone x2  
  156  11:47  Drone  
  160  11:48  Zergling x6  
  160  11:51  Baneling x4  
  160  11:52  Zergling x4  
  166  11:54  Zergling x8  
  166  11:56  Zergling x2  
  166  12:01  Hydralisk x3  
  169  12:07  Overlord  
  169  12:08  Overlord x3  
  175  12:13  Overlord  
  175  12:15  Lurker Den, Burrow  
  174  12:26  Zergling x2  
  174  12:27  Zergling x36  
  174  12:28  Hydralisk x2  
  172  12:36  Zergling x2  
  172  12:37  Zergling x4  
  164  12:38  Baneling x5  
  164  12:40  Zergling x4  
  164  12:41  Zergling x10  
  164  12:42  Zerg Missile Weapons Level 1  
  164  12:43  Zergling x4  
  173  12:45  Overseer x2  
  173  12:47  Drone x2  
  173  12:48  Zergling x6  
  178  12:53  Zergling x2  
  176  12:58  Zergling x2  
  176  12:59  Zergling x8  
  176  13:01  Baneling x2, Overlord  
  176  13:03  Baneling  
  176  13:04  Baneling x7, Zergling x6  
  184  13:06  Adrenal Glands  
  184  13:07  Zergling x6  
  184  13:08  Overlord  
  164  13:20  Zergling x22  
  164  13:23  Zergling x4  
  164  13:26  Zergling x8  
  171  13:29  Seismic Spines  
  171  13:30  Zergling x4  
  171  13:32  Zergling x2  
  171  13:33  Pneumatized Carapace  
  174  13:35  Zergling x4  
  176  13:41  Zergling x2  
  176  13:42  Zergling x8  
  176  13:45  Zergling x14  
  176  13:46  Zerg Ground Armor Level 3  
  176  13:47  Zergling x4  
  190  13:49  Overlord  
  190  13:51  Overlord  
  190  13:54  Overlord  
  184  14:05  Zergling x14  
  184  14:08  Zergling x6  
  179  14:10  Baneling x8  
  179  14:11  Baneling x7, Zergling x2  
  170  14:18  Zergling x8  
  170  14:20  Zergling x6  
  170  14:23  Zergling x6  
  167  14:26  Adaptive Talons, Lurker x6  
  167  14:27  Zergling x4  
  167  14:29  Zergling x2  
  175  14:32  Zergling x6  
  175  14:37  Hydralisk x3  
  182  14:41  Hydralisk x2  
  182  14:42  Drone  
  178  14:46  Nydus Network  
  178  14:49  Nydus Network  
  178  14:52  Zergling x12  
  182  14:55  Zerg Melee Weapons Level 3, Hatchery  
  182  14:56  Drone x2  
  182  14:59  Hydralisk  
  183  15:06  Zergling x4  
  183  15:07  Zergling x6  
  174  15:14  Zergling x8  
  174  15:17  Zergling x2  
  174  15:18  Zergling x4  
  173  15:22  Zergling x10  
  173  15:27  Zergling x6  
  172  15:28  Hydralisk  
  172  15:32  Hydralisk  
  172  15:33  Hydralisk x4  
  178  15:36  Lurker x4  
  178  15:38  Zergling x8  
  181  15:44  Zergling x4  
  181  15:47  Zergling x12  
  183  15:55  Zergling x12  
  173  15:58  Zergling x4  
  173  16:02  Baneling x5  
  173  16:03  Baneling x5  
  159  16:04  Zergling x8  
  159  16:08  Unknown  
  159  16:10  Hydralisk x5  
  167  16:17  Hydralisk  
  167  16:18  Hydralisk x4  
  175  16:24  Hydralisk x2  
  181  16:29  Zergling x10  
  181  16:30  Zergling x2, Drone x3  
  190  16:33  Drone x2  
  190  16:39  Zergling x8  
  196  16:41  Overseer x3  
  196  16:45  Zergling x6  
  167  16:56  Hydralisk x6  
  167  16:58  Drone x2  
  167  17:00  Drone  
  179  17:05  Nydus Canal  
  179  17:06  Nydus Canal  
  179  17:07  Zergling x10  
  181  17:09  Zergling x6  
  181  17:11  Zergling x4  
  184  17:19  Zergling x18  
  174  17:23  Overseer x2  
  174  17:25  Zergling x8  
  174  17:28  Zergling x8  
  175  17:32  Drone x2  
  175  17:36  Zergling x2  
  175  17:37  Zergling x12  
  184  17:44  Zergling x6  
  184  17:49  Zergling x10  
  189  17:56  Lurker Den  
  189  17:57  Zergling x14, Nydus Canal  
  195  17:59  Zergling x2  
  195  18:00  Zergling x2  
  197  18:10  Zergling x6  
Show
View Real Time Build Order
Export as new Build Order

BabyMarine Terran 

Build Orders: Reaper Expand, Hellion Banshee 

Get SALT Encoding   

  8  0:00  SCV  
  9  0:12  SCV  
  10  0:24  SCV  
  10  0:27  Supply Depot  
  11  0:36  SCV  
  12  0:48  SCV  
  13  0:53  Barracks  
  13  1:00  SCV  
  14  1:07  Refinery  
  14  1:13  SCV  
  15  1:25  SCV  
  16  1:41  Orbital Command  
  16  1:51  Reaper  
  17  2:05  Command Center  
  17  2:08  SCV  
  18  2:16  Supply Depot  
  18  2:21  SCV  
  19  2:25  Marine  
  20  2:33  SCV  
  20  2:36  Factory  
  21  2:45  SCV, Refinery  
  21  2:46  Barracks Reactor  
  22  2:57  SCV  
  22  3:09  SCV  
  23  3:21  SCV  
  23  3:23  Starport  
  23  3:25  Orbital Command  
  24  3:28  Hellion  
  24  3:31  Hellion  
  28  3:36  SCV  
  28  3:40  Barracks Tech Lab  
  28  3:49  SCV  
  28  3:51  SCV  
  30  3:56  Hellion  
  30  3:57  Hellion  
  30  4:01  Supply Depot  
  34  4:04  SCV x2  
  34  4:09  Banshee  
  36  4:12  Marine  
  36  4:15  Cloaking Field  
  40  4:19  SCV x2  
  42  4:24  Supply Depot  
  42  4:28  Hellion  
  44  4:32  Hellion  
  44  4:33  SCV  
  44  4:34  SCV  
  44  4:37  Barracks Tech Lab  
  48  4:47  SCV x2  
  48  4:52  Banshee  
  50  4:56  Supply Depot  
  53  5:00  SCV x2  
  55  5:08  Command Center  
  55  5:18  SCV x2, Barracks  
  55  5:19  Barracks  
  57  5:22  Stimpack  
  57  5:23  Factory Reactor  
  57  5:25  Marine  
  58  5:32  SCV x2  
  58  5:35  Engineering Bay  
  60  5:40  Engineering Bay  
  60  5:43  Refinery  
  60  5:45  SCV x2, Refinery  
  60  5:47  Marine, Starport Reactor  
  63  5:51  Supply Depot  
  63  5:57  SCV  
  63  6:02  Terran Infantry Weapons Level 1  
  65  6:04  SCV  
  65  6:08  Terran Infantry Armor Level 1  
  65  6:09  SCV  
  66  6:13  Marine x3, Siege Tank  
  66  6:16  SCV  
  73  6:20  Marine x2  
  71  6:26  SCV  
  71  6:30  Marine x2  
  74  6:32  Marine  
  74  6:34  Medivac  
  74  6:38  Marine x2  
  70  6:44  Supply Depot  
  70  6:45  Supply Depot  
  70  6:47  Siege Tank  
  70  6:50  Marine x2  
  70  6:51  SCV x2  
  59  6:54  Medivac  
  77  6:57  Marine x2  
  81  7:02  Marine  
  81  7:05  Orbital Command  
  81  7:07  SCV x2, Marine  
  85  7:14  Marine x2  
  84  7:22  Armory  
  84  7:24  Combat Shield, Barracks  
  84  7:25  Barracks  
  84  7:28  SCV x2  
  84  7:29  Marine x2  
  88  7:33  SCV  
  88  7:36  Supply Depot  
  89  7:38  Siege Tank  
  89  7:40  SCV  
  89  7:41  Medivac  
  95  7:45  Medivac  
  95  7:46  Marine x2  
  95  7:47  SCV x2  
  101  7:51  Marine x2  
  101  7:54  Supply Depot  
  101  7:55  Marine  
  101  8:01  Command Center  
  101  8:02  SCV x2  
  101  8:03  SCV  
  104  8:07  Marine x2  
  104  8:08  Supply Depot  
  106  8:14  Marine x2  
  105  8:22  Marine  
  105  8:24  Barracks Reactor  
  105  8:25  Marine x2, Barracks Reactor, Siege Tank  
  105  8:26  Refinery  
  109  8:27  Factory  
  109  8:29  SCV  
  109  8:31  Marine  
  109  8:32  Marine  
  112  8:34  Medivac  
  112  8:40  Marine, SCV  
  116  8:42  Marine  
  116  8:43  Marine  
  114  8:49  Marine x2  
  115  8:58  Marine  
  115  9:00  SCV x2, Marine x2  
  115  9:02  Marine x4  
  120  9:04  Liberator x2  
  120  9:07  Marine  
  120  9:09  Marine, Supply Depot, Siege Tank  
  131  9:16  Marine  
  129  9:18  Marine  
  129  9:19  Marine  
  129  9:20  Marine  
  129  9:21  Factory Tech Lab  
  129  9:23  SCV  
  133  9:29  Marine x3  
  128  9:31  Marine x2  
  128  9:33  Terran Infantry Weapons Level 2, Terran Infantry Armor Level 2  
  128  9:34  Marine  
  128  9:36  Marine  
  128  9:38  Barracks  
  132  9:39  Barracks  
  132  9:40  Siege Tank  
  127  9:53  Marine x7  
  127  9:54  Marine  
  127  9:55  Siege Tank  
  127  9:58  Planetary Fortress  
  127  9:59  SCV x3  
  138  10:10  Barracks  
  138  10:11  Marine x3  
  138  10:12  Siege Tank  
  144  10:14  Marine x6  
  149  10:24  Marine  
  149  10:25  SCV  
  141  10:29  Marine x3  
  141  10:30  Siege Tank  
  141  10:32  Marine x4  
  141  10:34  Marine  
  141  10:35  Marine  
  153  10:44  Liberator  
  156  10:52  Supply Depot  
  156  10:53  Supply Depot  
  156  10:54  Supply Depot  
  156  10:55  Liberator  
  156  10:56  Siege Tank, Supply Depot  
  156  11:03  Command Center, Sensor Tower  
  156  11:09  Barracks Tech Lab x2  
  156  11:10  Barracks Tech Lab  
  156  11:12  Refinery  
  156  11:14  Marine x4, SCV, Siege Tank  
  156  11:15  Marine x4, SCV x2  
  156  11:16  Refinery  
  156  11:17  Refinery  
  167  11:28  Marine x4, Siege Tank  
  167  11:29  SCV  
  167  11:32  Marine x3  
  153  11:34  Marine x3  
  153  11:37  SCV x3  
  159  11:42  Sensor Tower  
  159  11:46  Siege Tank  
  162  11:53  SCV x4  
  166  11:54  Terran Infantry Weapons Level 3  
  166  12:00  Siege Tank  
  169  12:07  Marauder x4, Marine x6  
  183  12:17  Command Center  
  183  12:21  Marine x2  
  185  12:25  Marine  
  185  12:28  Marauder x2  
  172  12:31  Marine x5, Marauder x2  
  175  12:37  Siege Tank x2  
  175  12:39  Planetary Fortress, Marine  
  182  12:44  Medivac x2  
  182  12:50  Marauder  
  188  12:58  Marine x2  
  188  13:09  Siege Tank x2  
  194  13:19  Marine x4  
  182  13:20  Marine x4, Marauder x4  
  182  13:23  Terran Infantry Armor Level 3  
  180  13:32  Medivac x2  
  184  13:45  Orbital Command  
  184  13:46  Command Center  
  184  13:47  SCV  
  184  13:48  SCV x2, Command Center  
  187  13:53  Command Center  
  187  13:54  Sensor Tower  
  187  13:58  Terran Vehicle Weapons Level 1  
  186  14:08  Marine x3  
  186  14:09  Marauder x3, Ghost Academy  
  175  14:10  Marine x2  
  175  14:11  Marauder  
  174  14:20  Siege Tank x2  
  180  14:26  Refinery x2  
  184  14:34  Liberator x2  
  183  14:43  Ghost x4  
  195  14:52  Siege Tank  
  198  14:53  Barracks x2  
  198  14:54  Fusion Core, Starport  
  198  14:59  Neosteel Armor  
  198  15:02  Missile Turret  
  198  15:03  Missile Turret  
  198  15:04  Siege Tank, Orbital Command  
  197  15:11  Ghost  
  192  15:15  Marine x2  
  192  15:16  Marauder x2  
  180  15:23  Ghost  
  180  15:24  Siege Tank  
  180  15:25  Marine x2  
  180  15:28  SCV x4  
  179  15:33  Starport Reactor  
  177  15:36  Siege Tank, Ghost  
  177  15:37  Ghost  
  185  15:44  Ghost  
  182  15:51  Ghost  
  185  16:05  Ghost  
  185  16:07  Marine  
  185  16:08  Marine  
  178  16:12  Ghost  
  178  16:16  Marine x6  
  178  16:17  Barracks Tech Lab  
  178  16:18  SCV  
  183  16:21  Marauder  
  183  16:22  Orbital Command  
  176  16:31  Siege Tank, Planetary Fortress  
  177  16:34  SCV x5, Marauder  
  184  16:41  Ghost x2, Advanced Ballistics  
  190  16:47  Sensor Tower, Marine  
  190  16:48  Marine, Marauder  
  163  16:55  Marine x2  
  163  16:56  Marine x3, Marauder  
  163  16:57  Marine  
  152  17:02  Liberator x3  
  152  17:05  Marine x2  
  163  17:09  Siege Tank  
  163  17:14  Barracks Tech Lab x2  
  155  17:23  Ghost  
  155  17:25  Orbital Command  
  158  17:30  Siege Tank  
  158  17:32  SCV x4  
  158  17:33  SCV x2  
  158  17:34  Command Center  
  167  17:39  Orbital Command  
  167  17:40  Orbital Command, Liberator  
  167  17:41  Orbital Command  
  161  17:55  Siege Tank  
  164  18:03  Command Center  
  170  18:10  Missile Turret  
  170  18:11  Marauder x3  
Tags
 
Add a new tag
Caveats
  • Supply blocks, unpowered buildings, or Contaminate may cause inaccurate times.
  • Supply counts are checked every 10 seconds.